 Dungeon Crawl Stone Soup version 0.26-a0-466-g989023bd0d (webtiles) character file.

Game seed: 730684858993805741

10738 Apogee the Grappler (level 11, 0/109 HPs)
             Began as a Troll Berserker on Aug 13, 2020.
             Was a High Priest of Trog.
             Slain by a vampire (8 damage)
             ... on level 12 of the Dungeon.
             The game lasted 00:13:05 (8415 turns).

Apogee the Grappler (Troll Berserker)               Turns: 8415, Time: 00:13:05

Health: 0/109      AC:  9    Str: 29    XL:     11   Next: 40%
Magic:  10/10      EV: 13    Int:  7    God:    Trog [*****.]
Gold:   660        SH: 16    Dex: 15    Spells: 10/10 levels left

rFire    + + .     SeeInvis .     - Unarmed
rCold    . . .     Faith    .   h - +0 kite shield
rNeg     . . .     Spirit   .   A - +2 robe "Xyupn" {rF+ Int+3}
rPois    .         Reflect  +   (helmet restricted)
rElec    .         Harm     .   N - +0 cloak (curse)
rCorr    .                      (gloves unavailable)
MR       ++...                  (boots unavailable)
Stlth    +.........             c - amulet of reflection
HPRegen  1.68/turn              u - +6 ring of dexterity
MPRegen  0.12/turn              i - ring of protection from fire

@: berserk cooldown, regenerating, slowed, very slow
A: large, unfitting armour, claws 3, regeneration 1, shaggy fur 1, tough skin 3
a: Berserk, Trog's Hand, Brothers in Arms, Renounce Religion


You were on level 12 of the Dungeon.
You worshipped Trog.
Trog was extremely pleased with you.
You visited 2 branches of the dungeon, and saw 13 of its levels.

You collected 764 gold pieces.
You spent 104 gold pieces at shops.

Inventory:

Hand Weapons
 K - the +11 executioner's axe of the Wilderness {flame, *Contam rN+ Str+2 Dex+3, unknown}
   (Trog gifted it to you on level 10 of the Dungeon)

   It has been specially enchanted to burn those struck by it, causing extra
   injury to most foes and up to half again as much damage against particularly
   susceptible opponents.
   Big, fiery blades are also staple armaments of hydra-hunters.
   It affects your strength (+2).
   It affects your dexterity (+3).
   It protects you from negative energy.
   It causes magical contamination when unequipped.
Missiles
 B - 4 silver boomerangs
 C - 285 stones
 D - 7 atropa-tipped darts
 E - 14 poisoned darts
 L - a throwing net (quivered) {!f}
Armour
 a - a +0 animal skin
 h - a +0 kite shield (worn)
   (You found it on level 2 of the Dungeon)
 A - the +2 robe "Xyupn" (worn) {rF+ Int+3}
   (You found it on level 8 of the Dungeon)

   It affects your intelligence (+3).
   It protects you from fire.
 G - +0 steam dragon scales
   (You took it off Maggie on level 9 of the Dungeon)
 N - a cursed +0 cloak (worn)
   (You found it on level 11 of the Dungeon)
Jewellery
 c - an amulet of reflection (around neck)
   (You found it on level 1 of the Dungeon)
 i - a ring of protection from fire (right claw)
   (You found it on level 2 of the Dungeon)
 j - a cursed amulet of inaccuracy {unknown}
   (You found it on level 2 of the Dungeon)
 u - a +6 ring of dexterity (left claw)
   (You found it on level 6 of the Dungeon)
 O - an uncursed ring of ice
   (You found it on level 11 of the Dungeon)
Wands
 t - a wand of flame (16)
   (You found it on level 10 of the Dungeon)
 x - a wand of acid (4)
   (You found it on level 11 of the Dungeon)
Scrolls
 b - 3 scrolls of random uselessness {unknown}
 d - 4 scrolls of fog {unknown}
 f - a scroll of acquirement {unknown}
 g - 2 scrolls of fear {unknown}
 k - 4 scrolls of amnesia {unknown}
 n - 2 scrolls of blinking {unknown}
 o - a scroll of brand weapon {unknown}
 q - 8 scrolls of remove curse {unknown}
 v - 4 scrolls of teleportation {unknown}
 y - a scroll of immolation {unknown}
 H - 7 scrolls of identify {@r1}
 I - a scroll of magic mapping {unknown}
 M - 2 scrolls of enchant weapon {unknown}
Potions
 e - 7 potions of curing {@q1}
 l - 4 potions of brilliance
 m - 2 potions of stabbing
 p - 4 potions of heal wounds {@q2}
 r - 4 potions of lignification {!q}
 s - a potion of haste {@q3}
 w - a potion of invisibility
 z - a potion of might
 F - 3 potions of resistance {unknown}
 J - a potion of mutation {!q}
 P - a potion of cancellation {unknown}
 Q - a potion of berserk rage {unknown}


   Skills:
 + Level 7.2 Fighting
 + Level 7.3 Dodging
 + Level 6.6 Shields
 * Level 11.8 Unarmed Combat


You had 10 spell levels left.
You didn't know any spells.
Your spell library was empty.

Dungeon Overview and Level Annotations

Branches:
Dungeon (12/15)            Temple (1/1) D:5            Lair (0/6) D:8
    Orc: D:9-12

Altars:
Cheibriados
Dithmenos
Fedhas
Gozag
Hepliaklqana
Kikubaaqudgha
Makhleb
Nemelex Xobeh
Okawaru
Qazlal
Ru
Sif Muna
Trog
Vehumet
Xom
Yredelemnul
Zin
The Shining One

Shops:
D:8 }?   D:9 *

Portals:
Ice
Cave: D:12


Innate Abilities, Weirdness & Mutations

You are too large for most types of armour.
You have claws for hands.
Your natural rate of healing is unusually fast.
You are covered in fur. (AC +1)
You have extremely tough skin. (AC +3)


Message History

Unknown command.
You eviscerate the white imp!!!
You kill the white imp!
Trog accepts your kill. The white imp gestures at you.
The puff of frost hits you!
* * * LOW HITPOINT WARNING * * *
You claw the white imp!
You kill the white imp!
Trog accepts your kill.
A vampire comes into view.
The vampire mumbles some strange words.
The vampire flickers and vanishes!
Deactivating autopickup; reactivate with Ctrl-A.
You mangle something!!
You hear some strange, mumbled words.
You are confused.
You closely miss something. Something hits you but does no damage.
Something bites you but does no damage.
Unknown command.
You barely miss something. Something hits you but does no damage.
Something bites you but does no damage.
Unknown command.
You bump into the rock wall.
You hear some strange, mumbled words.
Something tries to affect you, but you resist.
Unholy energy fills the air.
* * * LOW HITPOINT WARNING * * *
Unknown command.
You miss something.
You feel less confused. Something hits you!
* * * LOW HITPOINT WARNING * * *
Something bites you.
* * * LOW HITPOINT WARNING * * *
Something draws strength from your injuries!
Unknown command.
Your skin crawls.
You feel resistant to hostile enchantments.
You hear the faint crackling of a melting archway.
Something hits you!
* * * LOW HITPOINT WARNING * * *
Something bites you.
* * * LOW HITPOINT WARNING * * *
Something draws strength from your injuries!
Okay, then.
Something hits you!
You die...

.# ##.# ....#
##...## ##.......
#........ #...∩..#
##......#
###########@........
.(...#......#.....##
...............#..#
..............## .#
.......<.....## .#
.............# .
(............#
.............#
..##...##....#


There were no monsters in sight!

Vanquished Creatures
  A tengu warrior (D:10)
  A centaur warrior (D:8)
  An ugly thing (D:11)
  2 centaur skeletons
  Maggie (D:9)
  5 trolls
  2 hippogriffs (D:8)
  2 wraiths
  3 yaks (D:9)
  A basilisk (D:12)
  3 vampire mosquitoes (D:12)
  A water moccasin (D:11)
  Duvessa (D:7)
  2 ice beasts
  2 orc warriors
  4 sky beasts
  A black bear (D:7)
  An eye of draining (D:10)
  5 ogres
  3 phantoms
  11 centaurs
  A big kobold (D:7)
  A gnoll sergeant (D:8)
  Dowan (D:7)
  7 bullfrogs
  3 scorpions
  A water moccasin skeleton (D:10)
  A wight (D:8)
  3 howler monkeys
  2 bullfrog zombies
  4 hounds
  A quasit (D:11)
  2 jellies
  2 bullfrog skeletons
  2 orc priests (D:9)
  4 iguanas
  4 orc wizards
  8 worker ants
  2 hound zombies
  A hound skeleton (D:5)
  2 worker ant zombies
  A howler monkey zombie (D:5)
  3 gnolls (D:8)
  9 adders
  13 white imps
  5 ufetubi
  An ooze (D:1)
  An adder zombie (D:8)
  A worm (D:2)
  A dart slug (D:1)
  2 leopard geckos
  27 orcs
  3 ball pythons
  8 bats
  5 giant cockroaches
  8 hobgoblins
  14 jackals
  5 quokkas
  10 frilled lizards
  3 goblins
  7 kobolds
  A leopard gecko skeleton (D:4)
  6 rats
  A toadstool (D:1)
240 creatures vanquished.

Vanquished Creatures (others)
  Erolcha (D:11)
  5 toadstools (D:1)
6 creatures vanquished.

Grand Total: 246 creatures vanquished

Notes
Turn   | Place    | Note
-------+----------+-------------------------------------------
     0 | D:1      | Apogee the Troll Berserker began the quest for the Orb.
     0 | D:1      | Reached XP level 1. HP: 22/22 MP: 0/0
   138 | D:1      | Reached XP level 2. HP: 29/29 MP: 1/1
   220 | D:1      | Reached ** piety under Trog
   237 | D:1      | Reached XP level 3. HP: 36/36 MP: 2/2
   784 | D:2      | Found a sacrificial altar of Ru.
   784 | D:2      | Found a burning altar of Makhleb.
   785 | D:2      | Found a shadowy altar of Dithmenos.
   921 | D:3      | Noticed a scorpion
   932 | D:3      | Killed a scorpion
   932 | D:3      | Reached skill level 4 in Unarmed Combat
   932 | D:3      | Reached XP level 4. HP: 38/45 MP: 3/3
  1074 | D:3      | Reached *** piety under Trog
  1083 | D:3      | Reached skill level 1 in Shields
  1083 | D:3      | Reached XP level 5. HP: 53/53 MP: 4/4
  1209 | D:3      | Found a sparkling altar of Nemelex Xobeh.
  1646 | D:3      | Found a glowing silver altar of Zin.
  1783 | D:4      | Reached XP level 6. HP: 42/61 MP: 5/5
  1857 | D:4      | Reached skill level 5 in Unarmed Combat
  1968 | D:4      | Found a glowing golden altar of the Shining One.
  2062 | D:4      | Found an ancient bone altar of Kikubaaqudgha.
  2155 | D:5      | Entered Level 5 of the Dungeon
  2163 | D:5      | Reached **** piety under Trog
  2199 | D:5      | Found a stormy altar of Qazlal.
  2430 | D:5      | Found a staircase to the Ecumenical Temple.
  2506 | D:5      | Found a shimmering blue altar of Sif Muna.
  2564 | D:5      | Reached XP level 7. HP: 46/68 MP: 6/6
  2730 | D:5      | Found an opulent altar of Gozag.
  3010 | Temple   | Entered the Ecumenical Temple
  3047 | D:6      | Reached skill level 6 in Unarmed Combat
  3425 | D:6      | Reached XP level 8. HP: 68/78 MP: 7/7
  3656 | D:6      | Reached skill level 7 in Unarmed Combat
  4252 | D:7      | Reached skill level 5 in Dodging
  4252 | D:7      | Reached skill level 8 in Unarmed Combat
  4388 | D:7      | Noticed Duvessa
  4400 | D:7      | Reached skill level 5 in Fighting
  4407 | D:7      | Killed Duvessa
  4407 | D:7      | Reached XP level 9. HP: 59/88 MP: 8/8
  4408 | D:7      | Noticed Dowan
  4410 | D:7      | Killed Dowan
  4628 | D:8      | Found an iron altar of Okawaru.
  4675 | D:8      | Noticed a centaur warrior
  4689 | D:8      | Killed a centaur warrior
  4689 | D:8      | Reached skill level 9 in Unarmed Combat
  4690 | D:8      | Noticed a troll
  4700 | D:8      | Killed a troll
  4790 | D:8      | Reached skill level 5 in Shields
  4831 | D:8      | Found a staircase to the Lair.
  4860 | D:8      | Found a radiant altar of Vehumet.
  4909 | D:8      | Reached XP level 10. HP: 98/98 MP: 9/9
  4920 | D:8      | Reached ***** piety under Trog
  4988 | D:8      | Found Kochaj's Magic Scroll Emporium.
  4993 | D:8      | Bought a scroll of identify for 28 gold pieces
  4993 | D:8      | Bought a scroll of identify for 28 gold pieces
  5039 | D:8      | Got a wizard robe
  5794 | D:8      | Reached skill level 10 in Unarmed Combat
  5930 | D:8      | Found Fokif's Gadget Boutique.
  6044 | D:9      | Noticed Maggie
  6059 | D:9      | Killed Maggie
  6073 | D:9      | Identified the +2 robe "Xyupn" {rF+ Int+3} (You found it on
                  | level 8 of the Dungeon)
  6099 | D:9      | Found Xinewal's Assorted Antiques.
  6104 | D:9      | Bought a scroll labeled DOTTEC FYBLOO for 24 gold pieces
  6104 | D:9      | Bought a scroll labeled UXKIOTTUEQA for 24 gold pieces
  6989 | D:10     | Entered Level 10 of the Dungeon
  7300 | D:10     | Received a gift from Trog
  7322 | D:10     | Got an iridescent executioner's axe {god gift}
  7436 | D:10     | Noticed a tengu warrior
  7445 | D:10     | Killed a tengu warrior
  7445 | D:10     | Reached skill level 11 in Unarmed Combat
  7606 | D:11     | Noticed a red ugly thing
  7611 | D:11     | Reached XP level 11. HP: 92/107 MP: 10/10
  7621 | D:11     | Killed a red ugly thing
  7976 | D:11     | Noticed Erolcha
  7985 | D:11     | Killed Erolcha
  8394 | D:12     | Found a frozen archway.
  8414 | D:12     | HP: 5/109 [something (1)]
  8415 | D:12     | Slain by a vampire

Illustrated notes

Levels and vault maps discovered:
D:1:      nicolae_arrival_washed_ashore, layout_rooms, minmay_gold_behind_fungi,
          minmay_tromino_v4_c
D:2:      layout_rooms, gammafunk_temple_overflow_claw
D:3:      layout_loops_ring, nemelex_xobeh_ov_fountains_minmay,
          marbit_many_paths
D:4:      layout_rooms, nicolae_overflow_crystal_walls, tso_oasis_becter
D:5:      layout_gridville, grunt_gozag_statues,
          nicolae_qazlal_general_emergency, nicolae_overflow_hidden_temple,
          minmay_temple_entry_ruins, roderic_roman_lattice
D:6:      layout_basic
D:7:      layout_rooms, kennysheep_nondescript, minmay_splitting_lines,
          uniq_duvessa
D:8:      minmay_the_grid_plus_closed [minmay_the_grid_diamond_grid,
          minmay_the_grid_expand, minmay_the_grid_rooms,
          minmay_the_grid_minigrid_small_alt,
          minmay_the_grid_prize_shrinking_boxes], layout_rooms, kennysheep_mini,
          lemuel_crystal_altar, serial_shops, shop, shop, nrook_uturn
D:9:      layout_basic, serial_shops, shop, uniq_maggie
D:10:     layout_roguey
D:11:     layout_cave_pools, uniq_erolcha
D:12:     layout_rooms, david_orc_3, serial_corexii_hall,
          corexii_hall_statues_i, chequers_hall_statues_corner_a,
          portal_ice_cave_entry_imps, elyvilon_altar_1
Temple:   eino_temple_lava

Skill      XL: |  1  2  3  4  5  6  7  8  9 10 11 |
---------------+----------------------------------+-----
Fighting       | 3 4 5 6 7 |  7.2
Dodging        | 3 4 5 6 7 |  7.3
Unarmed Combat | 4 5 6 8 9 11 | 11.8
Shields        | 1 2 4 5 6 |  6.6

Action                   |  1- 3 |  4- 6 |  7- 9 | 10-12 || total
-------------------------+-------+-------+-------+-------++-------
Melee: Unarmed           |   122 |   163 |   190 |   289 ||   764
Invok: Berserk           |       |       |     5 |     3 ||     8
       Trog's Hand       |       |       |       |     1 ||     1
  Use: Scroll            |       |       |     5 |     3 ||     8
Armor: Animal skin       |    61 |    56 |    35 |     6 ||   158
       Robe              |       |       |       |    47 ||    47
Dodge: Dodged            |    82 |    67 |    46 |   101 ||   296
Block: Kite shield       |     8 |    55 |    72 |   197 ||   332
       Reflection        |       |       |       |    17 ||    17

Table legend: (Time is in decaauts)
 A = Elapsed time spent in this place.
 B = Non-inter-level travel time spent in this place.
 C = Inter-level travel time spent in this place.
 D = Time resting spent in this place.
 E = Time spent auto-exploring this place.
 F = Levels seen in this place.
 G = Mean time per level.
                   A        B        C        D        E       F      G
               +--------+--------+--------+--------+--------+-----+--------+
         Total |   8421 |   7520 |    901 |    574 |   5443 |  13 |  647.8 |
       Dungeon |   8419 |   7518 |    901 |    574 |   5443 |  12 |  701.6 |
        Temple |      1 |      1 |      0 |      0 |      0 |   1 |    1.0 |
               +--------+--------+--------+--------+--------+-----+--------+

Top non-repeatable levels by time:
     D:6: 1039 daAuts
     D:3: 1007 daAuts
     D:9: 981 daAuts
     D:5: 912 daAuts
     D:8: 806 daAuts
    D:11: 778 daAuts
     D:7: 698 daAuts
    D:10: 590 daAuts
     D:4: 540 daAuts
     D:2: 509 daAuts
     D:1: 503 daAuts
    D:12: 51 daAuts
  Temple: 1 daAuts
